[Event "Early-Titled-Tuesday-Blitz-March-05-2024"]
[Site "Chess.com"]
[Date "2024.03.05"]
[Round "11"]
[White "dosto07"]
[Black "marik_spb"]
[Result "0-1"]
[WhiteElo "2542"]
[BlackElo "2466"]
[TimeControl "180+1"]
[EndTime "10:09:52 PST"]
[Termination "marik_spb won by checkmate"]

1. e4 c6 2. d4 d5 3. Nc3 dxe4 4. Nxe4 Nf6 5. Nxf6+ exf6 6. c3 Bd6 7. Bd3 Na6 8. Ne2 Nc7 9. O-O O-O 10. Bf4 Bg4 11. Bxd6 Qxd6 12. h3 Bh5 13. Qd2 Rfe8 14. Rfe1 Nd5 15.
Ng3 Bg6 16. Nf5 Bxf5 17. Bxf5 g6 18. Bc2 Kg7 19. a3 h5 20. Re4 Rxe4 21. Bxe4 Nf4 22.
h4 Re8 23. Re1 f5 24. Bf3 Rxe1+ 25. Qxe1 Ne6 26. Qd2 Qd8 27. g3 f4 28. Kg2 fxg3 29. fxg3 Kh7 30. Qe3 Qb6 31. Qd2 Ng7 32. Be4 f5 33.
Bb1 f4 34. gxf4 Qd8 35. Kg3 Qd7 36. Qe2 Kh6 37. Be4 Qe6 38. Qf3 a5 39. Bd3 Qe1+ 40.
Qf2 Qc1 41. Be4 a4 42. Kg2 Qd1 43. Kg3 Qc1 44. Bf3 Nf5+ 45. Kh2 Qxf4+ 46. Kg2 Nxh4+ 47. Kf1 Qxf3 48. Ke1 Ng2+ 49. Kf1 Ne3+ 50. Ke1 Qd1# 0-1

[Event "Early-Titled-Tuesday-Blitz-March-05-2024"]
[Site "Chess.com"]
[Date "2024.03.05"]
[Round "11"]
[White "GMKrikor"]
[Black "Lennis93"]
[Result "1-0"]
[WhiteElo "2869"]
[BlackElo "2704"]
[TimeControl "180+1"]
[EndTime "10:09:53 PST"]
[Termination "GMKrikor won by resignation"]

1. Nf3 d5 2. c4 d4 3. b4 g5 4. h3 Bg7 5. d3 h6 6. g3 a5 7. b5 Nf6 8. Ba3 O-O 9. Bg2 Re8 10. h4 g4 11. Nfd2 Ra7 12. Ne4 Nxe4 13. Bxe4 f5 14. Bg2 b6 15. c5 e5 16. c6 Be6 17. Nd2 a4 18. Qc2 Ra5 19. Rb1 Bf7 20. O-O Qf6 21. Nc4 Ra7 22. e3 f4 23. Be4 dxe3 24. fxe3 f3 25. Bb4 a3 26. Bc3 Qe7 27. Kh2 Bf6 28. Qf2 Ra4 29. Rfc1 Kh8 30. Ba1 Rg8 31. Kg1 Re8 32. Rb3 Bh5 33. Bc3 Qc5 34. Kh2 Rxc4 35. dxc4 Qxc4 36. Qc2 Rd8 37. Ba1 Qe2+ 38. Qxe2 fxe2 39.
Re1 Rd2 40. Bc3 Rxa2 41. Bb1 Rb2 42. Bxb2 axb2 43. Rxb2 Bf7 44. Rbxe2 Kg7 45. Rf2 e4 46. Ref1 Bc4 47. Rxf6 Bxb5 48. Bxe4 Bxf1 49. Rxf1 Na6 50. Rf4 Nc5 51. Bc2 h5 52. Rf5 1-0

[Event "Early-Titled-Tuesday-Blitz-March-05-2024"]
[Site "Chess.com"]
[Date "2024.03.05"]
[Round "11"]
[White "AlexTruskavetsky"]
[Black "scarabee43"]
[Result "1-0"]
[WhiteElo "2722"]
[BlackElo "2861"]
[TimeControl "180+1"]
[EndTime "10:09:54 PST"]
[Termination "AlexTruskavetsky won by resignation"]

1. d4 Nf6 2. c4 e6 3. Nc3 d5 4. cxd5 exd5 5. Bg5 Be7 6. e3 h6 7. Bh4 c6 8. Bd3 Bg4 9. f3 Bh5 10. Nge2 Nbd7 11. O-O O-O 12. Bf2 Re8 13. Qc2 Nf8 14.
Nf4 Bd6 15. Nxh5 Nxh5 16. Rad1 Qc7 17. g3 Ne6 18. e4 dxe4 19. fxe4 Rad8 20. e5 Bf8 21.
Qe2 g6 22. Qg4 Qd7 23. d5 cxd5 24. Bb5 Qc8 25. Bxe8 Rxe8 26. Nxd5 Bc5 27. Bxc5 Qxc5+ 28. Kg2 Ng5 29. Rfe1 f5 30. Qd4 Qc6 31. Rc1 Qd7 32.
Qc4 Kh8 33. Rcd1 Qf7 34. Qd4 Qg7 35. Nf6 Rc8 36. Qd8+ Qf8 37. Qxf8+ Rxf8 38. Nxh5 gxh5 39. e6 Kg7 40. e7 Re8 41. Rd7 Kf7 42. Rxb7 Ne4 43.
Rxa7 Rc8 44. Re2 h4 45. Ra5 Kg6 46. Re5 Re8 47. g4 h3+ 48. Kxh3 Ng5+ 49. Kg3 fxg4 50. Kxg4 h5+ 51. Kg3 Kf6 52. Rxg5 Kxg5 53. b4 h4+ 54. Kh3 Kf6 55. b5 Kf7 56. b6 Rb8 57. e8=Q+ 1-0

[Event "Early-Titled-Tuesday-Blitz-March-05-2024"]
[Site "Chess.com"]
[Date "2024.03.05"]
[Round "11"]
[White "ChessBrainiacOnTwitch"]
[Black "rnanjo"]
[Result "0-1"]
[WhiteElo "2791"]
[BlackElo "2584"]
[TimeControl "180+1"]
[EndTime "10:09:54 PST"]
[Termination "rnanjo won by checkmate"]

1. e4 g6 2. d4 d6 3. Nc3 c6 4. f4 d5 5. e5 h5 6. Nf3 Bg4 7. Bd3 e6 8. Be3 Nh6 9. Qe2 Nd7 10.
O-O-O Bb4 11. Bd2 Be7 12. h3 Bxf3 13. Qxf3 h4 14. g4 hxg3 15. Qxg3 Bh4 16. Qf3 b5 17.
Kb1 Nf5 18. Ne2 Nb6 19. Bxf5 gxf5 20. Rhg1 Be7 21. Ng3 Rxh3 22. Rh1 Rxh1 23. Rxh1 Kd7 24. Ba5 Qg8 25. Ne2 Nc4 26. Be1 Qg4 27. Qxg4 fxg4 28.
b3 Ne3 29. Ng3 Rg8 30. Rh7 Ke8 31. Nh5 Nf5 32. Bf2 g3 33. Bg1 g2 34. Nf6+ Bxf6 35.
exf6 Ng3 36. Rg7 Kf8 37. Rh7 Ne2 38. Bh2 g1=Q+ 39. Bxg1 Rxg1+ 40. Kb2 Nxd4 41. Kc3 c5 42. b4 Rg3+ 43. Kd2 c4 44. c3 Nf5 45. Ke2 Nd6 46. a3 Ne4 47. Rh6 Nxc3+ 48. Ke1 Ne4 49. Ke2 d4 50. Rh5 d3+ 51. Kf1 c3 52. Rxb5 Nxf6 53.
Kf2 Ne4+ 54. Kf1 c2 55. Rb8+ Kg7 56. Rc8 d2 57. Rf8 d1=Q# 0-1

[Event "Early-Titled-Tuesday-Blitz-March-05-2024"]
[Site "Chess.com"]
[Date "2024.03.05"]
[Round "11"]
[White "Seochesspie"]
[Black "Bauman_Guy"]
[Result "0-1"]
[WhiteElo "2832"]
[BlackElo "2930"]
[TimeControl "180+1"]
[EndTime "10:09:55 PST"]
[Termination "Bauman_Guy won by resignation"]

1. c4 e6 2. d4 Nf6 3. Nf3 d5 4. Nc3 c5 5. cxd5 Nxd5 6. e4 Nxc3 7.
bxc3 cxd4 8. cxd4 Bb4+ 9. Bd2 Bxd2+ 10. Qxd2 O-O 11. Bc4 Nd7 12. O-O b6 13. Rfe1 Bb7 14. a4 Rc8 15. Bd3 a6 16. h3 h6 17. Rab1 Qc7 18. Rec1 Qb8 19. Rxc8 Rxc8 20. Qb4 Qc7 21.
Kf1 Qf4 22. Re1 Rc1 23. Rxc1 Qxc1+ 24. Ke2 Nf6 25. Nd2 Qc7 26. g3 h5 27. h4 a5 28. Qb3 Bc6 29. Ke3 Qd8 30. f3 Qc7 31. Kf2 Qd8 32. Ke3 Nd7 33. Nc4 g5 34. hxg5 Qxg5+ 35. Kf2 h4 36. gxh4 Qxh4+ 37. Kf1 Qh1+ 38. Kf2 Qa1 39. Qb2 Qh1 40. Qb3 Qh2+ 41. Ke3 Qg1+ 42. Ke2 Qxd4 43. Nb2 Ne5 44. Qc2 Nxd3 45. Nxd3 Bxa4 46.
Qc8+ Kg7 47. Qc7 Bb5 48. Qg3+ Kf8 49. Qb8+ Ke7 50. Qc7+ Qd7 0-1

[Event "Early-Titled-Tuesday-Blitz-March-05-2024"]
[Site "Chess.com"]
[Date "2024.03.05"]
[Round "11"]
[White "ChessLebaneseSalah"]
[Black "littlepinkyboy"]
[Result "1-0"]
[WhiteElo "2583"]
[BlackElo "2662"]
[TimeControl "180+1"]
[EndTime "10:09:55 PST"]
[Termination "ChessLebaneseSalah won on time"]

1. e4 c5 2. Nf3 e6 3. d4 cxd4 4.
Nxd4 Nc6 5. Nc3 Qc7 6. Be3 Nf6 7. a3 a6 8. f4 d6 9. Qf3 Be7 10. Be2 O-O 11. h3 e5 12. Nxc6 bxc6 13. fxe5 dxe5 14.
O-O Be6 15. Bd3 Nd7 16. Qe2 Nc5 17. Bc4 Rad8 18. Bxe6 Nxe6 19. Qxa6 Bc5 20. Bxc5 Nxc5 21. Qc4 Qb6 22. Kh1 Rd4 23. Qa2 Nxe4 24. Nxe4 Rxe4 25.
Rad1 Rd4 26. Rde1 Qc5 27. Re2 e4 28. Rfe1 Re8 29. Qb3 Qe5 30. c3 Rdd8 31. Qc4 e3 32. Qxc6 f5 33. Qc4+ Kh8 34. Rxe3 Qxe3 35. Rxe3 Rxe3 36.
b4 Re4 37. Qc7 Rf8 38. b5 f4 39. b6 Re1+ 40. Kh2 Re2 41. b7 Rb2 42. Qc8 Kg8 43. Qc4+ Kh8 44. Qe4 f3 45. b8=Q 1-0

[Event "Early-Titled-Tuesday-Blitz-March-05-2024"]
[Site "Chess.com"]
[Date "2024.03.05"]
[Round "11"]
[White "jk13"]
[Black "Viacheslav92"]
[Result "1-0"]
[WhiteElo "2678"]
[BlackElo "2527"]
[TimeControl "180+1"]
[EndTime "10:09:57 PST"]
[Termination "jk13 won on time"]

1. e4 e5 2. Nf3 Nc6 3. Bc4 Bc5 4. d3 Nf6 5. c3 d6 6. Bb3 a6 7. Nbd2 Ba7 8. h3 O-O 9. O-O Nh5 10. Re1 Nf4 11.
Nf1 Qf6 12. Bxf4 Qxf4 13. Ne3 Ne7 14. d4 c6 15. Nc4 exd4 16. Nxd4 d5 17. exd5 Nxd5 18.
Ne3 Nxe3 19. Rxe3 c5 20. Rf3 Qd6 21. Nf5 Qxd1+ 22. Rxd1 Be6 23. Bxe6 fxe6 24. Ne7+ Kh8 25. Rd7 Rxf3 26. gxf3 b5 27. Nc6 Bb6 28. Re7 c4 29.
Rxe6 Bc5 30. Ne5 h6 31. Rc6 Bf8 32. f4 a5 33. Kg2 Kg8 34. Kf3 Rd8 35. Ke3 Kh7 36.
a4 bxa4 37. Nxc4 Rb8 38. Ra6 Bc5+ 39. Kf3 Rc8 40. Rxa5 Bxf2 41. Nd6 Rc5 42. Rxa4 Bg1 43. Rc4 Rh5 44. Ne4 Rxh3+ 45. Kg2 Re3 46. Kxg1 Re2 47. b4 Rc2 48. b5 h5 49. b6 Rb2 50.
Rb4 1-0

[Event "Early-Titled-Tuesday-Blitz-March-05-2024"]
[Site "Chess.com"]
[Date "2024.03.05"]
[Round "11"]
[White "mortngabriel"]
[Black "Preobrazhenska_D2011"]
[Result "0-1"]
[WhiteElo "2510"]
[BlackElo "2446"]
[TimeControl "180+1"]
[EndTime "10:09:58 PST"]
[Termination "Preobrazhenska_D2011 won on time"]

1. e4 c5 2. d4 cxd4 3. c3 dxc3 4. Bc4 d6 5. Nf3 Nc6 6. O-O e6 7. Nxc3 Nf6 8. Qe2 Be7 9. Rd1 e5 10. Bxf7+ Kxf7 11. Ng5+ Ke8 12. Qc4 Rf8 13. Be3 h6 14.
Nf3 Bg4 15. Rd2 Qd7 16. Rad1 Qe6 17. Qb5 Kf7 18. Qxb7 Qd7 19. Qb3+ Be6 20. Qa4 Kg8 21. Bc5 Nd4 22. Qxd7 Nxf3+ 23. gxf3 Nxd7 24. Bxd6 Bg5 25. Bxf8 Bxd2 26. Rxd2 Rxf8 27. Rd6 Kf7 28. Kg2 Ke7 29. Ra6 Rb8 30. b3 Rb7 31. Nd1 Rc7 32. Ne3 Nc5 33. Ra5 Nd3 34. Ra6 Nf4+ 35. Kg3 Bc8 36. Ra5 Kf6 37.
h4 Bb7 38. Rb5 a6 39. Rb6+ Kf7 40. Rd6 Re7 41. Rb6 Rc7 42. Rd6 Bc6 43. Nd5 Bxd5 44. exd5 Rc1 45. Rxa6 Nxd5 0-1

[Event "Early-Titled-Tuesday-Blitz-March-05-2024"]
[Site "Chess.com"]
[Date "2024.03.05"]
[Round "11"]
[White "Evgeny81"]
[Black "Zhigalko_Sergei"]
[Result "1/2-1/2"]
[WhiteElo "2783"]
[BlackElo "2892"]
[TimeControl "180+1"]
[EndTime "10:09:59 PST"]
[Termination "Game drawn by repetition"]

1. d4 Nf6 2. c4 e6 3. Nf3 b6 4.
a3 Ba6 5. e3 d5 6. Nbd2 Be7 7. Be2 O-O 8. O-O c5 9. cxd5 Bxe2 10.
Qxe2 exd5 11. b3 Nbd7 12. Bb2 Re8 13. Rfd1 Bd6 14. Nf1 Qe7 15. Ng3 g6 16. dxc5 bxc5 17. b4 cxb4 18. axb4 Bxb4 19. Nd4 Ne5 20. Ra6 Ne4 21.
Rda1 Bc5 22. Nxe4 dxe4 23. Nc6 Nxc6 24. Rxc6 Bd6 25. h3 Be5 26. Rca6 Qb7 27. Bxe5 Rxe5 28.
Qc4 Re7 29. Qd4 Rd7 30. Qf6 Rb8 31. h4 h5 32. Qe5 Ra8 33. R6a4 Re7 34. Qf6 Re6 35.
Qd4 a6 36. Ra5 Qe7 37. g3 Rd6 38. Qe5 Qxe5 39. Rxe5 f5 40. Re7 Rf6 41. Ra5 Kf8 42.
Rh7 Kg8 43. Re7 Kf8 44. Rh7 Re8 45. Rc7 Re7 46. Rc8+ Re8 47. Rc7 Re7 48. Rc8+ Kg7 49.
Ra8 Ree6 50. Ra7+ Rf7 51. R7xa6 Rxa6 52. Rxa6 Rf6 53. Ra7+ Rf7 54. Ra6 Rf6 55. Ra7+ Rf7 56. Ra6 1/2-1/2

[Event "Early-Titled-Tuesday-Blitz-March-05-2024"]
[Site "Chess.com"]
[Date "2024.03.05"]
[Round "11"]
[White "Hikaru"]
[Black "Antipov_Mikhail_Al"]
[Result "1-0"]
[WhiteElo "3257"]
[BlackElo "2945"]
[TimeControl "180+1"]
[EndTime "10:10:00 PST"]
[Termination "Hikaru won on time"]

1. Nf3 d5 2. b3 c5 3. e3 Nf6 4. Bb2 a6 5. d4 cxd4 6. Nxd4 g6 7. c4 dxc4 8. Bxc4 Bg7 9. O-O O-O 10. Be2 Bd7 11. Bf3 Qb6 12. Nd2 Rd8 13. Rc1 Be8 14. Ba3 e5 15. Nc4 Qc7 16. Nd6 Qe7 17. Nxb7 Qxa3 18. Nxd8 exd4 19. Bxa8 dxe3 20. Rc8 Nbd7 21.
Bc6 Qe7 22. fxe3 Bf8 23. Bf3 Ne5 24. Nc6 Bxc6 25. Bxc6 Kg7 26. Qd4 h5 27. h3 Qe6 28.
Bb7 Bd6 29. Rc2 Qe7 30. Bxa6 Bb8 31. Qc5 Bd6 32. Qb6 Ned7 33. Qd4 Be5 34. Qd3 Bb8 35.
Qd4 Be5 36. Qd3 Nc5 37. Rxc5 Qxc5 38. Bc4 Bc7 39. Qd4 Qe7 40. Qxf6+ Qxf6 41. Rxf6 Kxf6 42. b4 Bd6 43. b5 Bc5 44. Kf2 Ke7 45. a4 Bb6 46.
Kf3 f5 47. h4 Kf6 48. g3 g5 49. Bd3 Ba5 50. Kf2 1-0

[Event "Early-Titled-Tuesday-Blitz-March-05-2024"]
[Site "Chess.com"]
[Date "2024.03.05"]
[Round "11"]
[White "Brave_spirit12"]
[Black "lilleper1"]
[Result "0-1"]
[WhiteElo "2736"]
[BlackElo "2918"]
[TimeControl "180+1"]
[EndTime "10:10:02 PST"]
[Termination "lilleper1 won by resignation"]

1. e4 c5 2. c3 Nf6 3. e5 Nd5 4. d4 e6 5. Nf3 cxd4 6. Qxd4 Nc6 7. Qe4 d6 8. exd6 Bxd6 9. c4 Nf6 10. Qc2 b6 11. Nc3 Bb7 12. Bg5 h6 13. Bh4 g5 14.
Bg3 Bxg3 15. hxg3 g4 16. Nd2 Nd4 17. Qd3 Qd6 18. O-O-O O-O-O 19. Nb3 Nxb3+ 20. axb3 Qxd3 21. Rxd3 Rxd3 22. Bxd3 Bxg2 23. Rh2 Bf3 24. Nb5 Kb8 25. Kc2 h5 26. Nd4 Bb7 27. Ne2 e5 28. Nc3 Rd8 29. b4 a6 30. c5 Kc7 31. Bc4 Rd7 32. b5 axb5 33. Nxb5+ Kc6 34. Nd6 Kxc5 35. Nxf7 Kd4 36.
Be6 Re7 37. Ba2 Be4+ 38. Kd2 Bg6 39. Nd6 Rd7 40. Nc4 Ne4+ 41. Ke1 Ra7 42. Na3 Nd6 43. Ke2 b5 44. Bb1 Bxb1 45. Nxb1 Ra2 46. Kd1 Rxb2 47.
Nd2 Nc4 48. Nxc4 bxc4 49. Rxh5 Rxf2 50. Kc1 Kc3 51. Kb1 Kb3 0-1

[Event "Early-Titled-Tuesday-Blitz-March-05-2024"]
[Site "Chess.com"]
[Date "2024.03.05"]
[Round "11"]
[White "awesomevishesh"]
[Black "Igor_Lysyj"]
[Result "0-1"]
[WhiteElo "2650"]
[BlackElo "2821"]
[TimeControl "180+1"]
[EndTime "10:10:03 PST"]
[Termination "Igor_Lysyj won on time"]

1. d4 d5 2. c4 e6 3. Nf3 Nf6 4.
g3 Be7 5. Bg2 O-O 6. O-O dxc4 7.
Qa4 a6 8. Qxc4 b5 9. Qc2 Bb7 10.
Bd2 Be4 11. Qc1 c6 12. Be3 Nbd7 13. Nc3 Bg6 14. Nh4 Bh5 15. Nf3 Rc8 16. Rd1 Nd5 17.
Ne4 Nxe3 18. Qxe3 Qb6 19. Rac1 Rfd8 20. Ne1 Nf6 21. Nc5 Nd5 22. Qd2 Nf6 23. Qe3 Bg6 24.
Ned3 Bxd3 25. Rxd3 h6 26. a3 a5 27. Rc2 a4 28. h3 Qb8 29. Qc1 Qb6 30. e3 Rc7 31.
Ne4 Nxe4 32. Bxe4 Rdc8 33. Rdc3 c5 34. dxc5 Bxc5 35. h4 h5 36. Kg2 g6 37. Rd3 Be7 38.
Rxc7 Rxc7 39. Qd1 Kg7 40. Rd2 Bf6 41. Bf3 Qc5 42. b3 Qxa3 43. bxa4 bxa4 44. Rd7 Rxd7 45.
Qxd7 Qb4 46. Qa7 a3 47. Bd1 Qb2 48. Bf3 a2 0-1

[Event "Early-Titled-Tuesday-Blitz-March-05-2024"]
[Site "Chess.com"]
[Date "2024.03.05"]
[Round "11"]
[White "LileKoridze"]
[Black "only_strong_moves"]
[Result "1/2-1/2"]
[WhiteElo "2445"]
[BlackElo "2560"]
[TimeControl "180+1"]
[EndTime "10:10:05 PST"]
[Termination "Game drawn by repetition"]

1. d4 Nf6 2. c4 e6 3. Nc3 d5 4.
Nf3 c5 5. cxd5 cxd4 6. Nxd4 Nxd5 7. Nxd5 Qxd5 8. e3 e5 9. Bb5+ Bd7 10. Bxd7+ Nxd7 11. Nf3 Bb4+ 12. Bd2 Bxd2+ 13. Qxd2 Qxd2+ 14. Nxd2 Rc8 15. Ke2 Ke7 16. Rac1 Nb6 17. b3 f6 18.
Ne4 Nd5 19. Rhd1 Rxc1 20. Rxc1 b6 21. Nd2 Rd8 22. g3 Rd7 23. Rc8 Ke6 24. a3 h6 25. e4 Ne7 26. Rc4 Rd6 27. Rc7 Rd7 28. Rc4 g6 29. Nf1 f5 30. f3 b5 31. Rc5 a6 32.
Nd2 Rd6 33. Nb1 Nc6 34. Ke3 Nd4 35. Rc3 f4+ 36. gxf4 exf4+ 37. Kf2 g5 38. b4 Nc6 39. Ke2 Ne5 40. Nd2 h5 41. h3 Kf6 42. Rc8 g4 43. hxg4 hxg4 44. fxg4 Kg5 45. Rc5 Kf6 46. g5+ Ke6 47. Nf3 Nc4 48. g6 Nxa3 49. Ng5+ Ke7 50. g7 Rg6 51. Rc7+ Kd6 52. Ne6 Nc4 53. Rc8 Kxe6 54.
g8=Q+ Rxg8 55. Rxg8 Ke5 56. Re8+ Kd4 57. Kf3 Ne5+ 58. Kxf4 Nd3+ 59. Kf5 Nxb4 60. e5 Nd5 61.
e6 b4 62. Rd8 b3 63. e7 b2 64. e8=Q b1=Q+ 65. Ke6 Qe4+ 66. Kf7 Qf5+ 67. Kg8 Qg5+ 68. Kh8 Qf6+ 69. Kg8 Qg5+ 70. Kh8 Qh6+ 71. Kg8 Qg5+ 1/2-1/2

[Event "Early-Titled-Tuesday-Blitz-March-05-2024"]
[Site "Chess.com"]
[Date "2024.03.05"]
[Round "11"]
[White "Muracle"]
[Black "Mikhail_Golubev"]
[Result "1-0"]
[WhiteElo "2557"]
[BlackElo "2650"]
[TimeControl "180+1"]
[EndTime "10:10:06 PST"]
[Termination "Muracle won on time"]

1. d4 Nf6 2. g3 c5 3. d5 e6 4. c4 exd5 5. cxd5 b5 6. Bg2 d6 7. e4 Nbd7 8. Ne2 g6 9. O-O Bg7 10. Bf4 Qe7 11. Nbc3 a6 12. b4 Nh5 13. bxc5 Nxf4 14. gxf4 Nxc5 15. Nd4 O-O 16. Rc1 b4 17. Nc6 Qh4 18. Ne2 a5 19. e5 Ba6 20.
exd6 Nd3 21. Rc2 Nxf4 22. Nxf4 Qxf4 23. Re1 Qxd6 24. Ne7+ Kh8 25. Rc6 Qf4 26. Re4 Qg5 27. h4 Qh6 28. Nf5 Qh5 29. Qxh5 gxh5 30. Nxg7 Kxg7 31. Re5 Ra7 32. Rg5+ Kh8 33. Rxh5 a4 34. Be4 f6 35. Bxh7 Rxh7 36. Rxh7+ Kxh7 37. Rxa6 b3 38. Rxa4 Rb8 39. axb3 Rxb3 40. Rd4 Rb7 41. d6 Rd7 42. Kg2 Kg6 43. Kg3 Kf5 44. Rd1 Rg7+ 45. Kf3 Ke6 46. d7 Rxd7 47. Rxd7 Kxd7 48. Kg4 Ke6 49. Kh5 Kf5 50. Kh6 Kg4 51. h5 f5 52.
Kg6 f4 53. h6 Kf3 54. Kg5 Kxf2 55. Kxf4 1-0

[Event "Early-Titled-Tuesday-Blitz-March-05-2024"]
[Site "Chess.com"]
[Date "2024.03.05"]
[Round "11"]
[White "Rodalquilar"]
[Black "Crazy_girl99"]
[Result "1-0"]
[WhiteElo "2802"]
[BlackElo "2569"]
[TimeControl "180+1"]
[EndTime "10:10:07 PST"]
[Termination "Rodalquilar won by checkmate"]

1. d4 Nf6 2. Nf3 e6 3. Bf4 d5 4. e3 Bd6 5. Nbd2 c5 6. Bb5+ Nc6 7. c3 cxd4 8. Bxd6 Qxd6 9. exd4 Bd7 10. O-O O-O 11.
Re1 Rfe8 12. Ne5 Rac8 13. Bd3 Qe7 14. Qf3 Red8 15. Qh3 g6 16. Ndf3 Be8 17. Ng5 Kg7 18.
Re3 h6 19. Nxg6 Qd6 20. Nxe6+ fxe6 21. Rxe6 Qd7 22. Nf4 Qf7 23. Qg3+ Kh8 24. Ng6+ Kg8 25. Ne5+ Qg7 26. Rxf6 Qxg3 27. hxg3 Nxe5 28. dxe5 Kg7 29. Re1 d4 30. Re4 h5 31. cxd4 Rc1+ 32. Kh2 Rd1 33.
Be2 R1xd4 34. Rxd4 Rxd4 35. Re6 Bc6 36. Bxh5 Rd2 37.
Rf6 Rxb2 38. g4 Rxa2 39. g5 Rd2 40. Rf7+ Kg8 41. e6 Rd5 42. f4 Rd2 43. e7 Rxg2+ 44.
Kh3 Rg1 45. Rf8+ Kg7 46. e8=Q Rh1+ 47. Kg4 Bxe8 48. Rxe8 Rf1 49. Re7+ Kf8 50. Rxb7 a5 51. Ra7 Ra1 52. g6 a4 53. g7+ Kg8 54. Kg5 Rg1+ 55.
Bg4 a3 56. Kf6 Rxg4 57. Ra8+ Kh7 58. Rh8# 1-0

[Event "Early-Titled-Tuesday-Blitz-March-05-2024"]
[Site "Chess.com"]
[Date "2024.03.05"]
[Round "11"]
[White "viniciusrego"]
[Black "eagleclaw07"]
[Result "0-1"]
[WhiteElo "2421"]
[BlackElo "2816"]
[TimeControl "180+1"]
[EndTime "10:10:07 PST"]
[Termination "eagleclaw07 won by resignation"]

1. Nf3 Nc6 2. d4 d6 3. c4 g6 4. Bf4 Bg7 5. Nc3 Nf6 6. d5 Nb8 7. e3 O-O 8. Be2 e5 9. dxe6 Bxe6 10. Nd4 Bd7 11. Rc1 Nc6 12. O-O Nh5 13. Bxh5 Nxd4 14.
exd4 gxh5 15. Qxh5 Bxd4 16. Rfd1 Bg7 17. Rd3 Qf6 18.
Rf3 Qg6 19. Qa5 b6 20. Qg5 Qxg5 21. Bxg5 Rfe8 22. Rg3 Kf8 23. Nd5 Rac8 24. h4 f5 25. h5 Kf7 26. h6 Be5 27. Rb3 Rg8 28. Be3 Bc6 29. g3 Bxd5 30. cxd5 f4 31. Bxf4 Bxf4 32.
Rf3 Rg4 33. Rc4 Kg6 34. Rcxf4 Rxf4 35. Rxf4 Re8 36. Kf1 Re7 37. Rc4 Kxh6 38. f4 Kg6 39. g4 h5 40. gxh5+ Kxh5 41. Ra4 a5 42. Kf2 Kg4 43.
Rc4 Rh7 44. a4 Re7 45. b4 axb4 46. Rxb4 Rh7 47. Rc4 Rh5 48. Rxc7 Kxf4 49. Rc4+ Ke5 50. Rb4 Rh2+ 51. Kg3 Ra2 52. Rxb6 Rxa4 53. Kf3 Kxd5 54. Ke3 Ra3+ 55. Kd2 Kc5 56. Rb8 d5 57. Rc8+ Kd4 58.
Kc2 Rh3 59. Rg8 Rh2+ 60. Kd1 Kc4 61. Rc8+ Kd3 62. Ke1 Rh1+ 63. Kf2 d4 64. Ra8 Rc1 65. Ra3+ Kd2 66. Ra4 d3 67. Ra7 Rc2 68. Rd7 Ra2 69.
Rc7 Ra8 70. Rf7 Re8 71. Rd7 Rf8+ 72. Kg1 Ke2 73. Re7+ Kd1 74. Ra7 d2 0-1

[Event "Early-Titled-Tuesday-Blitz-March-05-2024"]
[Site "Chess.com"]
[Date "2024.03.05"]
[Round "11"]
[White "Kislov_Oleg"]
[Black "esrosenberg"]
[Result "1-0"]
[WhiteElo "2571"]
[BlackElo "2452"]
[TimeControl "180+1"]
[EndTime "10:10:08 PST"]
[Termination "Kislov_Oleg won by checkmate"]

1. e4 e6 2. d4 d5 3. Nc3 Bb4 4.
Qd3 c5 5. a3 Bxc3+ 6. Qxc3 cxd4 7. Qxd4 Nf6 8. exd5 Qxd5 9. Qxd5 Nxd5 10. Bd2 O-O 11. c4 Nf6 12. f3 Nc6 13. Bc3 e5 14. Bd3 Be6 15. Ne2 Rfd8 16. O-O-O Rac8 17. b3 b5 18. Kc2 bxc4 19. Bxc4 Bxc4 20. Rxd8+ Nxd8 21. bxc4 Rxc4 22. Rd1 Ne6 23. Kb3 Rc5 24. Rd6 h5 25. Ra6 Nd5 26. Rxa7 Nxc3 27. Ra8+ Kh7 28. Nxc3 Nd4+ 29. Kb4 Rc6 30. a4 Rg6 31. g3 Nxf3 32.
a5 f5 33. a6 e4 34. a7 Ra6 35. Kb5 Ra3 36. Kb6 e3 37. Rc8 Ne5 38. a8=Q Rxa8 39.
Rxa8 Kg6 40. Kc5 Kg5 41. Kd4 Nf3+ 42. Kxe3 Nxh2 43. Ra5 g6 44. Kf2 Ng4+ 45. Kg2 Ne3+ 46. Kf3 Nc4 47. Rc5 Nd2+ 48. Kg2 Kg4 49. Nd5 Ne4 50.
Ne3+ Kg5 51. Rc6 Nd2 52. Nd5 Ne4 53. Nf4 Kg4 54. Rxg6+ Ng5 55. Ne6 h4 56. Rxg5# 1-0

[Event "Early-Titled-Tuesday-Blitz-March-05-2024"]
[Site "Chess.com"]
[Date "2024.03.05"]
[Round "11"]
[White "Shivananda1964"]
[Black "mary-sanna"]
[Result "1-0"]
[WhiteElo "2332"]
[BlackElo "2216"]
[TimeControl "180+1"]
[EndTime "10:10:08 PST"]
[Termination "Shivananda1964 won on time"]

1. e4 c5 2. Nf3 Nc6 3. d4 cxd4 4. Nxd4 g6 5. Nc3 Bg7 6. Be3 Nf6 7. Nxc6 bxc6 8. Qd2 Ng4 9. Bf4 Qb6 10. O-O-O Qxf2 11. Be2 Qxf4 12. Qxf4 Bh6 13. Qxh6 Nxh6 14. e5 Nf5 15. Rhf1 Ne3 16. Bf3 Nxf1 17. Rxf1 Ba6 18. Rf2 O-O 19. Bg4 d6 20. b3 dxe5 21. Bd7 Bb7 22. Ne4 Rfd8 23.
Nc5 Bc8 24. Bxc6 Rb8 25. Kb2 Bf5 26. Bf3 Rbc8 27. Ne4 Bxe4 28. Bxe4 f5 29. Bd3 e6 30. a4 Kg7 31. a5 Rd5 32. b4 Rd4 33. Kb3 e4 34.
Ba6 Rc6 35. b5 Rc5 36. Re2 Kf6 37. h3 g5 38. c3 Rd3 39. Rc2 e3 40. Kb4 Rc7 41.
b6 axb6 42. Bxd3 bxa5+ 43. Kxa5 e5 44. c4 e4 45. Be2 f4 46. Kb5 Kg6 47. c5 h5 48. c6 g4 49. hxg4 hxg4 50. Kb6 1-0

[Event "Early-Titled-Tuesday-Blitz-March-05-2024"]
[Site "Chess.com"]
[Date "2024.03.05"]
[Round "11"]
[White "atbenina64"]
[Black "Ajedrez_con_German"]
[Result "1-0"]
[WhiteElo "2728"]
[BlackElo "2587"]
[TimeControl "180+1"]
[EndTime "10:10:10 PST"]
[Termination "atbenina64 won on time"]

1. Nf3 Nf6 2. c4 e6 3. g3 b6 4. Bg2 Bb7 5. O-O Be7 6. d4 O-O 7. Re1 d6 8. Nc3 Ne4 9. Qc2 f5 10. Nd2 d5 11. Nf1 Nd7 12. cxd5 exd5 13. Ne3 c6 14. f3 Nd6 15. Nf1 Bf6 16. Be3 Re8 17. Rad1 Qe7 18. Bf4 g5 19. Bxd6 Qxd6 20. Qxf5 Rf8 21.
Qg4 Bc8 22. e4 dxe4 23. Nxe4 Qe7 24. Nxg5 Qg7 25. Qe6+ Kh8 26. Qxc6 Qxg5 27. Qxa8 Qa5 28. Qe4 Ba6 29. Bh3 Bb5 30. Qd5 Rd8 31. Qf7 Bg7 32.
Re8+ Rxe8 33. Qxe8+ Nf8 34. Qf7 Qa4 35. Qb3 Bxd4+ 36.
Kh1 Qxb3 37. axb3 Bc5 38. Nd2 Be2 39. Re1 Bd3 40. Re8 Kg7 41. Bf1 Bg6 42. Ra8 Be3 43. Rxa7+ Kf6 44. Nc4 Bd4 45. Rb7 b5 46. Rxb5 Ne6 47.
Kg2 Bc2 48. Rd5 Bxb3 49. Bd3 Be5 50. Rxe5 Bxc4 51. Bxc4 Kxe5 52. Bxe6 Kxe6 53. f4 1-0

[Event "Early-Titled-Tuesday-Blitz-March-05-2024"]
[Site "Chess.com"]
[Date "2024.03.05"]
[Round "11"]
[White "ClauSanLuis"]
[Black "LangesNasenhaar"]
[Result "0-1"]
[WhiteElo "2331"]
[BlackElo "2505"]
[TimeControl "180+1"]
[EndTime "10:10:10 PST"]
[Termination "LangesNasenhaar won by resignation"]

1. d4 g6 2. c4 Bg7 3. Nc3 c5 4.
d5 Bxc3+ 5. bxc3 f5 6. g3 d6 7. Bg2 Nf6 8. Nf3 Qa5 9. Qc2 Bd7 10. O-O Ba4 11. Qb2 Qa6 12. Nd2 Nbd7 13. Re1 Ne5 14. Bf1 O-O 15. f4 Neg4 16. e4 fxe4 17. Nxe4 Nxe4 18.
Rxe4 Rf7 19. Qe2 Nf6 20. Rxe7 Raf8 21. Rxf7 Rxf7 22. Bd2 Bd7 23. h3 Kg7 24. g4 Qa3 25.
Rb1 b6 26. Be1 h5 27. f5 hxg4 28. hxg4 gxf5 29. g5 Ne4 30. Qh5 Qxa2 31. Bd3 Kg8 32. g6 Rg7 33. Rd1 Be8 34. Bxe4 fxe4 35. Rd2 Qxc4 36. Rg2 e3 37. Qf5 Bxg6 38. Rxg6 Rxg6+ 39. Qxg6+ Kh8 40. Bh4 Qxh4 41. Qe8+ Kh7 42. Qf7+ Kh6 43. Qf8+ Kh5 44. Qh8+ Kg4 45. Qc8+ Kf3 46. Qf5+ Qf4 47.
Qh3+ Ke4 48. Qe6+ Kd3 49. c4 Qf2+ 0-1

[Event "Early-Titled-Tuesday-Blitz-March-05-2024"]
[Site "Chess.com"]
[Date "2024.03.05"]
[Round "11"]
[White "Kunalm64"]
[Black "Joachim100x"]
[Result "1-0"]
[WhiteElo "2629"]
[BlackElo "2504"]
[TimeControl "180+1"]
[EndTime "10:10:11 PST"]
[Termination "Kunalm64 won by checkmate"]

1. e4 c5 2. Nf3 e6 3. g3 Nc6 4.
Bg2 d5 5. exd5 exd5 6. O-O Nf6 7. d4 Be7 8. dxc5 Bxc5 9. Nbd2 O-O 10. Nb3 Bb6 11. c3 Ne4 12. Nfd4 Nxd4 13. Nxd4 Qf6 14. Be3 Bd7 15. Nc2 Bc6 16. Bxb6 axb6 17. Qd4 Qd8 18.
Nb4 Re8 19. a3 Nc5 20. Bxd5 Bxd5 21. Qxd5 Re2 22. Rab1 Qf6 23. Qc4 Rae8 24. Nd5 Qe5 25. Nf4 Re4 26. Qb5 g5 27. Ng2 Re6 28. b4 Na6 29. Qxe5 R6xe5 30. Rfe1 Re2 31. Kf1 Rxe1+ 32. Rxe1 Rd5 33. Ke2 Nc7 34. Rd1 Re5+ 35. Ne3 Nb5 36. Rd8+ Kg7 37. Kd3 Nxa3 38. g4 Nb5 39. c4 Nc7 40. Nf5+ Kf6 41. Rd7 Ne6 42. Rxb7 Nf4+ 43. Kc3 Ne2+ 44. Kb3 Re4 45. Rxf7+ Kg6 46. Rg7+ Kf6 47.
Rxh7 Rxg4 48. Ne3 Rg1 49. Nd5+ Kg6 50. Re7 Nd4+ 51. Kc3 Nf3 52. Re6+ Kh5 53. Nf6+ Kh4 54. Rxb6 Nxh2 55. Ne4 Rg4 56. Rh6# 1-0